 Dungeon Crawl Stone Soup version 0.27-a0-562-g0d39f094a4 (webtiles) character file.

Game seed: 11515134716701643276

119 Anon1729 the Gusty (level 4, -2/49 HPs)
             Began as a Demigod Air Elementalist on Mar 8, 2021.
             Slain by Natasha (4 damage)
             ... on level 3 of the Dungeon.
             The game lasted 00:05:14 (2282 turns).

Anon1729 the Gusty (Demigod Air Elementalist)       Turns: 2282, Time: 00:05:15

Health: -2/49      AC: 26    Str:  9    XL:     4   Next: 47%
Magic:  0/10       EV:  2    Int: 21    God:
Gold:   69         SH:  0    Dex: 14    Spells: 2/8 levels left

rFire    . . .     SeeInvis .   (no weapon)
rCold    . . .     Faith    .   (no shield)
rNeg     + + +     Spirit   .   (armour currently unavailable)
rPois    +         Reflect  .   (helmet currently unavailable)
rElec    .         Harm     .   (cloak currently unavailable)
rCorr    .         Rampage  .   (gloves currently unavailable)
Will     .....     Clarity  +   (boots currently unavailable) Stlth ++........NoTele +
                                (no amulet)
HPRegen  0.16/turn              h - +4 ring of protection
MPRegen  0.12/turn              (no ring)

@: tree-form, slowed, very slow
A: blurry vision 1, clarity, high mp 1, forlorn
a: no special abilities


You were on level 3 of the Dungeon.
You were a tree.
You visited 1 branch of the dungeon, and saw 3 of its levels.

You collected 69 gold pieces.

Inventory:

Armour
 a - a +0 robe (melded)
Jewellery
 b - a ring of ice
 h - a +4 ring of protection (left branch)
Scrolls
 f - 3 scrolls of identify {unknown}
 g - 2 scrolls of teleportation {unknown}
 j - a scroll of enchant armour {unknown}
 k - 2 scrolls of enchant weapon {unknown}
Potions
 c - a potion of mutation
 d - a potion of curing {unknown}


   Skills:
 - Level 1.8 Dodging
 - Level 1.8 Stealth
 + Level 2.5 Spellcasting
 + Level 2.0 Conjurations
 * Level 4.0 Air Magic


You had 2 spell levels left.
You knew the following spells:

 Your Spells              Type           Power      Damage    Failure   Level
a - Shock                 Conj/Air       60%        1d6       4%          1
b - Swiftness             Air            19%        N/A       4%          2
c - Static Discharge      Conj/Air       15%        N/A       12%         3

Your spell library contained the following spells:

 Spells                   Type           Power      Damage    Failure   Level
 Airstrike                Air            9%         N/A       26%         4
 Lightning Bolt           Conj/Air       7%         1d20      73%         5


Dungeon Overview and Level Annotations

Branches:
Dungeon (3/15)

Annotations:
D:3 Natasha, Sigmund


Innate Abilities, Weirdness & Mutations

Your attributes grow dramatically as you level up.
You have an increased reservoir of magic. (+10% MP)
You shall have no god before yourself.
Scrolls take you a little longer to read.
You possess an exceptional clarity of mind.


Message History

Confirm with . or Enter, or press ? or * to list all spells.
Aiming: Shock (safe; 4% risk of failure)
Press: ? - help, Shift-Dir - straight line The zap hits something.
Reactivating autopickup.
You feel a bit more experienced.
The zap hits Natasha.
Natasha is heavily wounded.
Your Conjurations skill increases to level 2!
Your Air Magic skill increases to level 4!
You barely miss Natasha.
Natasha is heavily wounded.
Natasha claws you.
You closely miss Natasha.
Natasha is heavily wounded.
Natasha stares at you and mumbles some strange words.
You feel yourself slow down.
You hit Natasha.
Natasha is severely wounded.
Natasha closely misses you. Natasha barely misses you.
You closely miss Natasha.
Natasha is severely wounded.
Natasha stares at you and mumbles some strange words.
The magic dart hits you.
Natasha stares at you and mumbles some strange words.
You resist with some effort. Natasha claws you.
* * * LOW HITPOINT WARNING * * *
Found a plate armour.
Casting: Shock (safe; 4% risk of failure)
Confirm with . or Enter, or press ? or * to list all spells.
Aiming: Shock (safe; 4% risk of failure)
Press: ? - help, Shift-Dir - straight line The zap hits Natasha.
Natasha is severely wounded.
Natasha claws you!
* * * LOW HITPOINT WARNING * * *
It was a potion of lignification.
You turn into a tree.
Your +0 robe melds into your body.
Your roots penetrate the ground.
Natasha claws you but does no damage. Natasha claws you.
You die...

[.# ####### #.#
##......# #.#
##........ #.#
#......... #.#
#......... #.#
#.......... #.#
#<.†....... ## #♣#
#.........@ #..#h#
##........#
#..#####..........
#..)5.............
.......####...........
#..##.## #...........
... #. #........... .#
#. #.#........# #.
#.##......##


You could see Natasha.

Vanquished Creatures
  An orc wizard (D:3)
  3 adders
  A worm (D:2)
  A dart slug (D:1)
  A leopard gecko (D:2)
  4 orcs (D:3)
  8 bats
  4 giant cockroaches
  7 goblins
  7 hobgoblins
  3 jackals (D:2)
  5 kobolds
  5 frilled lizards (D:1)
  5 rats
55 creatures vanquished.

Notes
Turn   | Place    | Note
-------+----------+-------------------------------------------
     0 | D:1      | Anon1729 the Demigod Air Elementalist began the quest for
                  | the Orb.
     0 | D:1      | Reached XP level 1. HP: 14/14 MP: 5/5
    78 | D:1      | Reached skill level 1 in Conjurations
   300 | D:1      | Reached XP level 2. HP: 20/20 MP: 4/7
   385 | D:1      | Reached skill level 3 in Air Magic
  1231 | D:2      | Reached XP level 3. HP: 26/26 MP: 2/8
  1536 | D:2      | Gained mutation: You occasionally shout uncontrollably at
                  | your foes. [potion of mutation]
  1536 | D:2      | Gained mutation: Scrolls take you a little longer to read.
                  | [potion of mutation]
  1536 | D:2      | Gained mutation: You are strong-willed. (Will+) [potion of
                  | mutation]
  1537 | D:2      | Lost mutation: You are strong-willed. (Will+) [potion of
                  | mutation]
  1537 | D:2      | Lost mutation: You occasionally shout uncontrollably at
                  | your foes. [potion of mutation]
  1537 | D:2      | Lost mutation: Scrolls take you a little longer to read.
                  | [potion of mutation]
  1537 | D:2      | Gained mutation: Scrolls take you a little longer to read.
                  | [potion of mutation]
  1537 | D:2      | Gained mutation: You possess an exceptional clarity of
                  | mind. [potion of mutation]
  2190 | D:3      | Reached XP level 4. HP: 33/33 MP: 6/10
  2228 | D:3      | Noticed Sigmund
  2233 | D:3      | Learned a level 2 spell: Swiftness
  2237 | D:3      | Learned a level 3 spell: Static Discharge
  2251 | D:3      | Noticed Natasha
  2275 | D:3      | Reached skill level 4 in Air Magic
  2281 | D:3      | HP: 1/33 [Natasha (7)]
  2282 | D:3      | Slain by Natasha

Illustrated notes

Levels and vault maps discovered:
D:1:      minmay_arrival_doors, layout_basic
D:2:      layout_loops_cross, nicolae_uskayaw_murder_on_the_dancefloor,
          chequers_ecumenical_altar_simple_redux
D:3:      layout_rooms, trog_hazing_becter, uniq_sigmund, uniq_natasha,
          uniq_crazy_yiuf_cottage

Skill      XL: |  1  2  3  4 |
---------------+-------------+-----
Conjurations   | 1 2 |  2.0
Spellcasting   | 2 |  2.5
Air Magic      | 3 4 |  4.0
Dodging        | |  1.8
Stealth        | |  1.8

Action                   |  1- 3 |  4- 6 || total
-------------------------+-------+-------++-------
Melee: Unarmed           |    10 |    10 ||    20
 Cast: Shock             |    97 |    15 ||   112
  Use: Potion            |     6 |     1 ||     7
 Stab: Invisible         |     1 |       ||     1
       Sleeping          |     1 |       ||     1
Armor: Robe              |     3 |     3 ||     6
       Skin              |       |     1 ||     1
Dodge: Dodged            |    16 |     3 ||    19

Table legend: (Time is in decaauts)
 A = Elapsed time spent in this place.
 B = Non-inter-level travel time spent in this place.
 C = Inter-level travel time spent in this place.
 D = Time resting spent in this place.
 E = Time spent auto-exploring this place.
 F = Levels seen in this place.
 G = Mean time per level.
                   A        B        C        D        E       F      G
               +--------+--------+--------+--------+--------+-----+--------+
         Total |   2283 |   2219 |     64 |     45 |   1919 |   3 |  761.0 |
       Dungeon |   2283 |   2219 |     64 |     45 |   1919 |   3 |  761.0 |
               +--------+--------+--------+--------+--------+-----+--------+

Top non-repeatable levels by time:
     D:2: 1193 daAuts
     D:1: 992 daAuts
     D:3: 97 daAuts
